Wipl, chaotic female elven Wizard ------------ |..........| |.@........| |........$.- |<.........| |....{.....| ------------ Wipl the Conjurer Experience level: 5 Strength: 11 Dexterity: 13 Constitution: 13 Intelligence: 15 Wisdom: 14 Charisma: 10 Health: 40(40) Energy: 64(64) Def: 7 Gold: 190 Moves: 2877 Dungeon seed: Hxsy0ADaGDCsnc-6 Game ID: Wipl_1676304146 Your Inventory: Weapons d - a blessed +1 quarterstaff (weapon in hands) k - an uncursed +0 orcish dagger w - an uncursed +0 elven dagger A - an uncursed +1 dagger E - 7 uncursed +0 arrows G - 10 cursed -1 darts I - 2 uncursed +0 daggers J - 6 uncursed +0 darts Armor e - an uncursed +0 cloak of magic resistance (being worn) n - an uncursed +0 scale mail (being worn) q - a blessed +0 orcish helm (being worn) y - an uncursed +0 pair of low boots (being worn) Scrolls l - an uncursed scroll of amnesia o - an uncursed scroll of earth v - a blessed scroll of summoning F - an uncursed scroll of enchant weapon L - a cursed scroll of gold detection N - an uncursed scroll of teleportation Potions O - a blessed potion of gain level Rings C - an uncursed ring of warning Wands b - a blessed wand of striking (0:6) u - an uncursed wand of make invisible (0:3) B - an uncursed wand of magic missile (0:7) H - an uncursed wand of digging (0:4) Tools a - an uncursed tooled horn m - an uncursed mirror s - an uncursed stethoscope D - an uncursed magic marker (0:75) T - an uncursed blindfold Gems r - an uncursed worthless piece of green glass Coins $ - 190 gold pieces Spells and supernatural/magical abilities: Name Level Category Cost Memory a - force bolt 1 attack 8pw 96% e - charm monster 3 enchantment 50pw 96% m - magic missile 2 attack 18pw 96% z - sleep 1 enchantment 8pw 96% W - pray for help -- divine ? -- Your skills at the end: Fighting Skills wands [Basic] Weapon Skills quarterstaff [Basic] Spellcasting Skills attack spells [Basic] enchantment spells [Basic] Final Attributes: You were piously aligned. You were fire resistant. You were immune to sleep. You were magic resistant. You saw invisible. You were telepathic. You had infravision. You were unlucky. You angered your god 315 turns ago. Anhur was angry at you. You are dead. Vanquished creatures: 5 bugbears a mountain nymph a Mordor orc a rock piercer a shrieker 6 gnome lords 2 gnomish wizards 2 elf zombies a straw golem 4 giant ants 2 floating eyes a homunculus 3 kobold lords a hill orc 3 monkeys 3 orc zombies an iguana a killer bee an acid blob 2 coyotes 3 hobbits 2 manes 2 large kobolds 8 hobgoblins a brown mold a yellow mold a green mold a red mold 6 gnomes 4 geckos 5 jackals 3 foxes 3 kobolds 5 goblins 3 sewer rats 11 grid bugs 4 lichens a kobold zombie 11 newts 117 creatures vanquished. Voluntary challenges: You used a wielded weapon 63 times, starting on turn 132. You read items or engraved 1 time, starting on turn 2497. You never genocided any monsters. You never polymorphed an object. You never changed form. You used no wishes. You never split a pudding. You never wrote Elbereth's name. You never violated your personal moral code. Dungeon overview: The Dungeons of Doom: levels 1 to 7 Level 1 a fountain, a sink a long staircase Level 2 Level 3 a potion shop, a fountain, a vault Level 4 an altar to Ptah, a sink stairs to The Gnomish Mines Level 5 a fountain Level 6 a fountain Level 7 <- You were here a fountain The Gnomish Mines: Level 5 stairs to The Dungeons of Doom History has recorded: On T:1 you entered the Dungeons of Doom to retrieve the Amulet of Yendor! On T:361 you reached level 2 of The Dungeons of Doom. On T:649 you reached level 3 of The Dungeons of Doom. On T:809 you advanced to experience level 2. On T:903 you reached level 4 of The Dungeons of Doom. On T:1202 you advanced to experience level 3. On T:1488 you reached level 1 of The Gnomish Mines. On T:1898 you reached level 5 of The Dungeons of Doom. On T:1965 you advanced to experience level 4. On T:2130 you reached level 6 of The Dungeons of Doom. On T:2207 you advanced to experience level 5. On T:2754 you reached level 7 of The Dungeons of Doom. Score breakdown: Gold: 190 ( 7759 points) Experience: 5 levels (11141 points) Exploration: 7 levels ( 13.21%) (10190 points) Discoveries: 5 items ( 1.74%) ( 3959 points) Valuables value: (no points given unless you survive) Artifact value: 0 ( 0 points) Variety of kills: 39 monsters ( 10.26%) ( 9610 points) Turncount: 2877 turns ( -538 points) Survival: died (score multiplied by 80%) Total score: 33696 Latest messages: The large cat misses Kay's ghost. (5x) Kay's ghost touches the large cat. The large cat misses Kay's ghost. (6x) Kay's ghost misses the large cat. The large cat misses Kay's ghost. (5x) Kay's ghost touches the large cat. The large cat bites Kay's ghost. The large cat misses Kay's ghost. The large cat bites Kay's ghost. Kay's ghost misses the large cat. The large cat misses Kay's ghost. (3x) Kay's ghost misses the large cat. The large cat misses Kay's ghost. (4x) You come to. [40 turns] You hear a chugging sound. You faint from lack of food. You come to. [44 turns] You faint from lack of food. You come to. [48 turns] O - an orange potion. You faint from lack of food. You die from starvation. Final status: Goodbye Wipl the Wizard, died of starvation, while fainted from lack of food... You starved in The Dungeons of Doom on dungeon level 7 with 33696 points, and 190 pieces of gold, after 2877 moves. You were level 5 with a maximum of 40 hit points when you starved.